 Dungeon Crawl Stone Soup version 0.31-a0-620-gd1cbd99268 (webtiles) character file.

Game seed: 17234118533987435792

347 thirtiethelement the Chopper (level 6, 0/46 HPs)
             Began as a Demonspawn Gladiator on Aug 23, 2023.
             Killed from afar by an orc wizard (6 damage)
             ... with a puff of flame
             ... on level 3 of the Dungeon.
             The game lasted 00:06:27 (2346 turns).

thirtiethelement the Chopper (Demonspawn Gladiator) Turns: 2346, Time: 00:06:27

Health: 0/46       AC:  5    Str: 16    XL:     6   Next: 33%
Magic:  6/6        EV: 17    Int: 10    God:
Gold:   248        SH:  0    Dex: 14    Spells: 5/5 levels left

rFire   . . .        a - +0 war axe
rCold   . . .        (no shield)
rNeg    . . .        b - +0 leather armour
rPois   .            c - melded +0 helmet
rElec   .            (cloak currently unavailable)
rCorr   .            (gloves currently unavailable)
SInv    +            (boots currently unavailable)
Will    .....        (no amulet)
Stlth   +            g - ring of see invisible
HPRegen 0.27/turn    i - +5 ring of evasion
MPRegen 0.10/turn

%: no passive effects
@: confused, lethally poisoned (0 -> -3), beast-form
A: beast (slay +0), claws 1, molten scales 1
a: Begin Untransformation


You were on level 3 of the Dungeon.
You were a hulking beast.
You visited 1 branch of the dungeon, and saw 3 of its levels.

You collected 248 gold pieces.

Inventory:

Hand Weapons
 a - a +0 war axe (weapon)
Missiles
 d - a throwing net (quivered)
 e - a javelin
 m - 4 darts of dispersal
Armour
 b - a +0 leather armour (worn)
 c - a +0 helmet (melded)
Jewellery
 g - a ring of see invisible (left claw)
 i - a +5 ring of evasion (right claw)
 l - a ring of positive energy
Talismans
 f - a beast talisman (active)
Scrolls
 n - 2 scrolls of identify {unknown}
 o - a scroll of revelation {unknown}
 p - a scroll of enchant armour {unknown}
 r - a scroll of vulnerability {unknown}
 s - a scroll of teleportation {unknown}
 t - a scroll of fear {unknown}
Potions
 h - a potion of curing {unknown}
 j - 2 potions of degeneration {unknown}
 k - 2 potions of heal wounds {unknown}
 q - a potion of berserk rage {unknown}


   Skills:
 + Level 2.8 Fighting
 + Level 4.8 Axes
 + Level 2.0 Throwing
 + Level 1.5 Armour
 + Level 3.3 Dodging
 + Level 1.5 Stealth
 + Level 1.4 Shapeshifting


You had 5 spell levels left.
You didn't know any spells.
Your spell library contained the following spells:

 Spells                   Type           Power      Damage    Failure   Level
 Ozocubu's Armour         Ice            0%         N/A       80%         3
 Stone Arrow              Conj/Erth      0%         3d7       80%         3
 Animate Armour           Summ/Erth      0%         N/A       99%         4
 Ozocubu's Refrigeration  Ice            0%         4d7       100%        7
 Lehudib's Crystal Spear  Conj/Erth      0%         10d2      100%        8


Dungeon Overview and Level Annotations

Branches:
Dungeon (3/15)

Altars:


Innate Abilities, Weirdness & Mutations

You are a hulking beast.
Your limbs bulge with bestial killing power. (Slay +0)
You have sharp fingernails.
You are partially covered in molten scales. (AC +2)


Message History

The adder barely misses you.
You slash the adder!
You kill the adder!
You hit the orc wizard.
The orc wizard is moderately wounded.
You miss the orc wizard.
The orc wizard is moderately wounded.
The orc wizard hits you but does no damage.
You are poisoned.
The orc completely misses you.
You barely miss the orc wizard.
The orc wizard is moderately wounded.
You hit the orc.
You feel very sick.
The orc wizard hits you with a +0 dagger of venom.
You are more poisoned.
The orc closely misses you. The orc wizard misses you.
You hit the orc wizard.
The orc wizard is moderately wounded.
You hit the orc.
You kill the orc!
* * * LOW HITPOINT WARNING * * *
You feel very sick. The orc wizard misses you.
You closely miss the orc wizard.
The orc wizard is moderately wounded.
* * * LOW HITPOINT WARNING * * *
You feel very sick. The orc wizard completely misses you.
You barely miss the orc wizard.
The orc wizard is moderately wounded.
You feel sick.
The orc wizard points at you and mumbles some strange words.
You are confused.
The orc wizard barely misses you.
You bump into the rock wall.
You feel sick. The orc wizard closely misses you.
You bump into the rock wall.
You feel sick.
The orc wizard gestures at you while chanting.
The puff of flame hits you.
You die...

##..)...........o...#
##.##.#..######o####
#.[..#..# #....#
######..# ####o#
#...># #.# #.#####
######)# #...).#
#...##.#
#####.###.#.##.#
#.#...#h##.#
#)#.###o)..# #.#.#
###### #...# #####


You could see an orc wizard (invisible).

Vanquished Creatures
  Grinder (D:3)
  Robin (D:3)
  2 gnolls (D:1)
  3 adders
  A worm (D:3)
  2 dart slugs
  3 orcs (D:3)
  5 endoplasms
  2 giant cockroaches
  12 goblins
  6 hobgoblins
  4 jackals (D:1)
  A quokka (D:3)
  2 ball pythons
  12 bats
  3 frilled lizards
  8 kobolds
  6 rats
74 creatures vanquished.

Notes
Turn   | Place    | Note
-------+----------+-------------------------------------------
     0 | D:1      | thirtiethelement the Demonspawn Gladiator began the quest
                  | for the Orb.
     0 | D:1      | Reached XP level 1. HP: 16/16 MP: 1/1
    71 | D:1      | Found a faded altar of an unknown god.
    78 | D:1      | Gained mutation: You have sharp fingernails. [demonic
                  | ancestry]
    78 | D:1      | Reached XP level 2. HP: 14/22 MP: 2/2
    81 | D:1      | Reached skill level 3 in Axes
   365 | D:1      | Reached XP level 3. HP: 17/27 MP: 3/3
  1189 | D:2      | Reached skill level 1 in Armour
  1636 | D:2      | Reached XP level 4. HP: 33/33 MP: 4/4
  1820 | D:3      | Noticed Robin
  1837 | D:3      | Killed Robin
  2118 | D:3      | Reached skill level 1 in Shapeshifting
  2276 | D:3      | Noticed Grinder
  2284 | D:3      | Paralysed by Grinder for 2 turns
  2302 | D:3      | Paralysed by Grinder for 3 turns
  2313 | D:3      | Killed Grinder
  2314 | D:3      | Reached skill level 4 in Axes
  2314 | D:3      | Reached skill level 1 in Stealth
  2314 | D:3      | Gained mutation: You are partially covered in molten
                  | scales. (AC +2) [demonic ancestry]
  2314 | D:3      | Reached XP level 5. HP: 17/40 MP: 5/5
  2314 | D:3      | Reached XP level 6. HP: 20/46 MP: 6/6
  2346 | D:3      | Killed from afar by an orc wizard

Illustrated notes

Levels and vault maps discovered:
D:1:      minmay_arrival_diagonal_passages, layout_basic,
          hellmonk_ecumenical_altar_dog_temple
D:2:      layout_basic
D:3:      layout_basic, uniq_grinder, uniq_robin

Skill      XL: |  1  2  3  4 |
---------------+-------------+-----
Axes           | 3 4 |  4.8
Dodging        | 3 |  3.3
Armour         | 1 |  1.5
Shapeshifting  | 1 |  1.4
Throwing       | 2 |  2.0
Stealth        | 1 |  1.5
Fighting       | |  2.8

Action                     |  1- 3 |  4- 6 || total
---------------------------+-------+-------++-------
  Melee: War axe           |    85 |    92 ||   177
         Punch             |     2 |     1 ||     3
  Throw: Boomerang         |    11 |       ||    11
         Throwing net      |       |     3 ||     3
   Stab: Held in net/web   |       |     2 ||     2
         Sleeping          |       |     2 ||     2
 Armour: Leather armour    |    19 |    26 ||    45
  Dodge: Dodged            |    82 |   106 ||   188
   Form: Beast             |     1 |       ||     1

Table legend: (Time is in decaauts)
 A = Elapsed time spent in this place.
 B = Non-inter-level travel time spent in this place.
 C = Inter-level travel time spent in this place.
 D = Time resting spent in this place.
 E = Time spent auto-exploring this place.
 F = Levels seen in this place.
 G = Mean time per level.
                   A        B        C        D        E       F      G
               +--------+--------+--------+--------+--------+-----+--------+
         Total |   2403 |   2368 |     35 |    441 |   1410 |   3 |  801.0 |
       Dungeon |   2403 |   2368 |     35 |    441 |   1410 |   3 |  801.0 |
               +--------+--------+--------+--------+--------+-----+--------+

Top non-repeatable levels by time:
     D:2: 1050 daAuts
     D:3: 734 daAuts
     D:1: 619 daAuts
